Map: King's Cove LE

Players

SortOf - Winner!

  • Race: Zerg Zerg
  • League: Master
  • Spawn Location: 11:00

RlSky (RiSky)

  • Race: Zerg Zerg
  • League: Master
  • Spawn Location: 5:00

Event: HomeStory Cup XIX

VOD

Have the link to the VOD?

Description

Time

  • Played on: June 27, 2019, 3:16 p.m.
  • Length: 24:48

All games in this series

Show
View Real Time Build Order
Export as new Build Order

SortOf Zerg - Winner!

Build Orders: 1 Base Baneling Bust, Pool First, Lurkers 

Get SALT Encoding   

  12  0:01  Drone  
  13  0:15  Extractor  
  12  0:25  Spawning Pool  
  11  0:29  Drone  
  11  0:34  Drone  
  13  0:40  Drone  
  14  0:50  Overlord  
  14  1:12  Zergling x2, Queen  
  17  1:19  Metabolic Boost  
  17  1:24  Zergling x2  
  18  1:28  Zergling x2  
  18  1:32  Zergling x2  
  20  1:37  Zergling x2  
  21  1:47  Baneling Nest  
  20  1:54  Overlord  
  20  2:01  Zergling x2  
  21  2:10  Zergling x2  
  22  2:19  Zergling x2  
  22  2:20  Zergling x4  
  25  2:30  Baneling  
  25  2:31  Zergling x2  
  26  2:38  Baneling  
  25  2:44  Zergling x2  
  25  2:46  Baneling x2  
  26  2:55  Zergling x6  
  29  3:02  Zergling x2  
  30  3:07  Overlord  
  29  3:17  Baneling  
  29  3:18  Baneling  
  27  3:31  Drone x5  
  32  3:58  Hatchery  
  32  4:00  Drone  
  32  4:04  Drone  
  32  4:08  Baneling  
  33  4:22  Drone x3  
  35  4:25  Queen  
  36  4:36  Drone x2  
  36  4:37  Extractor  
  37  4:40  Overlord  
  36  4:52  Drone  
  37  4:57  Drone  
  37  5:02  Drone  
  37  5:06  Drone x3  
  41  5:10  Drone x2  
  43  5:19  Roach Warren  
  42  5:23  Baneling x3  
  42  5:28  Drone x2  
  44  5:36  Drone, Overlord  
  44  5:37  Drone  
  46  5:43  Overlord  
  46  5:52  Drone x2  
  46  5:53  Overlord  
  48  5:59  Roach x3  
  48  6:03  Roach  
  56  6:05  Drone x2  
  58  6:12  Roach x2  
  58  6:15  Drone x2  
  64  6:20  Lair  
  64  6:27  Overlord  
  64  6:31  Drone x2, Evolution Chamber  
  65  6:32  Extractor  
  64  6:43  Hatchery  
  64  6:46  Drone  
  64  6:49  Queen  
  65  6:59  Drone x5  
  70  7:06  Zergling x8  
  70  7:07  Baneling  
  74  7:10  Drone  
  74  7:15  Extractor, Zerg Ground Armor Level 1  
  73  7:23  Baneling  
  73  7:26  Queen  
  73  7:29  Hydralisk Den  
  63  7:31  Queen  
  56  7:42  Spore Crawler  
  51  7:45  Spore Crawler  
  51  7:48  Spore Crawler x2  
  51  7:49  Spore Crawler x2  
  46  7:53  Spore Crawler  
  46  7:55  Spore Crawler  
  45  7:58  Drone x2  
  45  7:59  Drone  
  45  8:02  Queen  
  49  8:08  Spore Crawler  
  49  8:10  Queen  
  51  8:15  Drone  
  51  8:16  Drone  
  53  8:20  Lurker Den  
  53  8:26  Overlord, Spore Crawler  
  53  8:29  Drone  
  54  8:40  Queen, Spore Crawler  
  55  8:43  Hydralisk x2  
  55  8:44  Hydralisk  
  55  8:45  Drone x2  
  60  8:53  Infestation Pit  
  60  8:54  Roach  
  61  9:00  Queen  
  61  9:02  Hydralisk  
  63  9:06  Drone  
  63  9:07  Drone  
  63  9:08  Overseer  
  67  9:10  Drone  
  67  9:16  Drone x3  
  70  9:18  Drone  
  71  9:26  Spore Crawler x2  
  69  9:32  Spore Crawler  
  68  9:41  Overlord  
  68  9:44  Queen  
  72  9:50  Hive  
  72  9:51  Lurker  
  72  9:52  Lurker x3  
  74  9:58  Overlord x2  
  74  10:07  Overlord  
  74  10:09  Pathogen Glands  
  74  10:17  Zerg Missile Weapons Level 1  
  74  10:22  Hydralisk  
  74  10:25  Spore Crawler  
  74  10:27  Hydralisk x2  
  74  10:28  Spore Crawler  
  78  10:42  Drone  
  78  10:43  Drone x4  
  78  10:47  Spore Crawler  
  78  10:48  Spore Crawler  
  80  10:50  Infestor  
  80  10:54  Infestor  
  84  11:00  Roach  
  84  11:03  Viper  
  89  11:07  Overlord  
  89  11:15  Overlord  
  89  11:25  Viper  
  87  11:26  Spore Crawler  
  87  11:29  Hydralisk x3  
  95  11:33  Muscular Augments  
  93  11:47  Hatchery  
  93  11:51  Hydralisk x2  
  96  11:54  Lurker  
  96  11:55  Lurker  
  98  12:04  Drone x5  
  103  12:08  Drone  
  103  12:09  Drone  
  103  12:14  Overlord  
  105  12:16  Drone  
  105  12:18  Lurker  
  106  12:31  Hydralisk  
  101  12:40  Drone x2  
  101  12:41  Drone x5  
  107  12:44  Hydralisk  
  104  12:57  Hydralisk x3  
  107  13:07  Drone  
  107  13:09  Drone x3  
  110  13:16  Hydralisk x3  
  110  13:18  Hydralisk  
  107  13:21  Hydralisk  
  103  13:30  Hydralisk  
  103  13:31  Hydralisk  
  103  13:33  Lurker x2  
  107  13:38  Lurker x2  
  107  13:39  Drone x2  
  111  13:47  Hydralisk x2, Extractor  
  111  13:48  Hydralisk, Spore Crawler  
  115  13:58  Hydralisk x2  
  115  14:00  Overlord x2  
  115  14:01  Extractor  
  118  14:09  Hydralisk x2  
  118  14:12  Overlord x2  
  118  14:15  Grooved Spines  
  122  14:20  Hydralisk  
  122  14:22  Zergling x2  
  125  14:28  Lurker  
  125  14:30  Hydralisk  
  128  14:43  Hydralisk x4  
  136  15:01  Glial Reconstitution  
  135  15:07  Hydralisk x6  
  135  15:08  Overlord  
  135  15:09  Overlord  
  135  15:14  Drone x3, Overlord  
  150  15:21  Viper  
  153  15:30  Zerg Missile Weapons Level 2  
  153  15:33  Hatchery  
  151  15:37  Lurker  
  151  15:40  Roach x3  
  158  15:52  Hydralisk x3  
  158  15:53  Overlord  
  161  15:58  Evolution Chamber  
  161  16:00  Overseer x2  
  160  16:08  Overseer  
  160  16:14  Roach x3  
  160  16:17  Nydus Network  
  165  16:19  Overlord  
  165  16:33  Viper  
  165  16:34  Overlord  
  165  16:35  Roach x3  
  165  16:38  Adaptive Talons  
  174  16:46  Spore Crawler  
  173  16:48  Drone  
  173  16:52  Hydralisk  
  173  16:53  Roach  
  178  17:03  Lurker x3  
  181  17:11  Drone x2  
  175  17:24  Hydralisk x6  
  187  17:47  Hatchery  
  187  17:49  Drone x3  
  189  17:56  Viper  
  189  17:57  Viper  
  195  18:01  Drone x2  
  195  18:03  Hatchery  
  195  18:05  Pneumatized Carapace  
  196  18:09  Drone  
  196  18:11  Drone  
  195  18:21  Drone  
  195  18:22  Drone x2  
  195  18:24  Extractor  
  195  18:25  Extractor, Nydus Canal  
  195  18:31  Roach x5  
  181  18:49  Roach x6  
  181  18:53  Roach  
  193  18:58  Roach  
  187  19:03  Roach  
  163  19:11  Roach x4  
  163  19:16  Roach  
  161  19:23  Roach  
  143  19:32  Roach x9  
  143  19:34  Roach  
  147  19:43  Drone x6  
  141  19:47  Roach  
  137  19:53  Hydralisk x2  
  137  19:54  Drone x2  
  137  19:55  Drone  
  137  19:56  Extractor  
  137  19:59  Hydralisk  
  144  20:12  Roach  
  152  20:14  Drone x6  
  152  20:21  Hydralisk x4  
  160  20:34  Hydralisk  
  160  20:35  Hydralisk x3  
  162  20:42  Drone x3  
  165  20:51  Zerg Missile Weapons Level 3  
  165  20:54  Hydralisk, Drone x6  
  173  21:00  Hydralisk x2  
  177  21:08  Hydralisk x3  
  177  21:10  Overseer  
  183  21:16  Extractor  
  182  21:19  Hydralisk x4  
  182  21:28  Hydralisk  
  182  21:29  Lurker Den  
  181  21:34  Hydralisk x2  
  181  21:40  Hydralisk x3  
  181  21:44  Extractor  
  181  21:45  Extractor  
  185  21:48  Hydralisk x2  
  185  21:51  Spore Crawler  
  185  21:52  Hydralisk x2  
  192  22:06  Hydralisk x4  
  200  22:09  Spine Crawler  
  200  22:10  Spine Crawler  
  200  22:13  Spore Crawler  
  200  22:14  Drone x2  
  199  22:30  Nydus Canal  
  199  22:42  Hydralisk x2  
  200  23:00  Nydus Canal  
  198  23:06  Lurker x2  
  198  23:07  Spire  
  198  23:09  Lurker  
  200  23:14  Spine Crawler  
  200  23:15  Spine Crawler  
  198  23:20  Nydus Canal  
  198  23:29  Lurker  
  198  23:34  Overlord  
  199  24:13  Hydralisk x3  
  199  24:16  Nydus Canal  
  200  24:37  Lurker x3  
Show
View Real Time Build Order
Export as new Build Order

RlSky Zerg 

Build Orders: Hatch First 

Get SALT Encoding   

  12  0:00  Drone  
  13  0:13  Overlord  
  13  0:18  Drone  
  14  0:31  Drone x2  
  16  0:50  Hatchery  
  16  0:53  Drone  
  16  0:57  Drone  
  17  1:00  Drone  
  18  1:12  Extractor  
  18  1:16  Spawning Pool  
  16  1:18  Drone  
  16  1:22  Drone  
  18  1:28  Drone  
  19  1:40  Drone  
  20  1:51  Overlord  
  20  2:03  Zergling x4, Queen  
  20  2:04  Queen  
  26  2:12  Zergling x2  
  26  2:13  Metabolic Boost  
  27  2:21  Zergling x2  
  28  2:25  Spine Crawler  
  28  2:26  Zergling x2  
  28  2:32  Zergling x2  
  29  2:38  Zergling x4  
  29  2:44  Zergling x2  
  30  2:53  Zergling x2  
  31  3:02  Zergling x4  
  33  3:07  Drone x2  
  29  3:15  Queen, Baneling Nest  
  28  3:27  Zergling x4  
  29  3:39  Overlord  
  29  3:51  Overlord  
  29  3:58  Baneling x2  
  29  3:59  Baneling  
  29  4:02  Drone  
  32  4:09  Drone  
  31  4:23  Hatchery  
  30  4:26  Drone x2, Lair  
  30  4:27  Drone  
  33  4:32  Drone  
  33  4:36  Extractor  
  33  4:38  Roach Warren  
  32  4:45  Drone  
  33  4:47  Drone  
  35  5:01  Evolution Chamber  
  35  5:02  Drone  
  36  5:10  Drone  
  37  5:17  Drone x3  
  37  5:19  Extractor  
  39  5:22  Extractor  
  39  5:23  Overlord  
  39  5:26  Spire  
  37  5:29  Overseer  
  37  5:31  Drone  
  38  5:36  Drone  
  39  5:43  Drone  
  39  5:45  Overseer  
  39  5:47  Drone x2  
  39  5:48  Drone  
  39  5:49  Drone  
  44  5:57  Overlord  
  44  5:58  Drone  
  45  6:08  Overlord  
  45  6:17  Hatchery  
  44  6:36  Zergling x14  
  51  6:44  Mutalisk x2  
  51  6:45  Mutalisk  
  57  6:52  Mutalisk  
  59  6:54  Mutalisk  
  59  6:58  Mutalisk  
  63  7:03  Mutalisk  
  65  7:09  Mutalisk  
  67  7:15  Mutalisk  
  67  7:21  Mutalisk x2  
  73  7:27  Mutalisk x2  
  73  7:32  Drone  
  73  7:33  Drone  
  69  7:39  Drone  
  70  7:44  Drone x2  
  71  7:54  Mutalisk  
  71  7:56  Zergling x2  
  74  8:00  Hatchery  
  74  8:01  Mutalisk  
  75  8:12  Mutalisk  
  75  8:18  Zerg Flyer Weapons Level 1  
  75  8:21  Overlord  
  75  8:31  Overlord  
  75  8:33  Overlord  
  75  8:37  Baneling  
  75  8:40  Overlord  
  75  8:44  Mutalisk x3  
  75  8:47  Mutalisk  
  83  8:56  Mutalisk  
  83  9:01  Drone  
  83  9:02  Roach Warren  
  85  9:04  Mutalisk  
  87  9:10  Mutalisk  
  89  9:19  Mutalisk  
  91  9:28  Drone  
  91  9:29  Drone x6  
  98  9:32  Zergling x2  
  98  9:38  Mutalisk  
  99  9:42  Overlord  
  99  9:44  Glial Reconstitution  
  101  9:48  Overlord  
  101  9:59  Drone x4  
  105  10:01  Overlord  
  105  10:05  Overlord  
  105  10:11  Drone x2  
  107  10:14  Evolution Chamber  
  107  10:15  Drone  
  107  10:17  Roach x2  
  111  10:25  Roach x3  
  117  10:32  Roach x2  
  117  10:33  Roach  
  121  10:41  Drone  
  121  10:42  Infestation Pit, Zerg Missile Weapons Level 1  
  121  10:44  Drone x3  
  121  10:46  Extractor  
  121  10:47  Extractor  
  122  10:50  Drone x2  
  124  10:57  Drone  
  125  11:05  Drone x2  
  127  11:14  Roach x5  
  127  11:16  Overlord  
  127  11:18  Hatchery  
  136  11:20  Roach x2  
  136  11:25  Hive  
  138  11:27  Overseer  
  138  11:31  Roach x2  
  142  11:34  Ravager x2  
  142  11:35  Ravager x4  
  142  11:37  Overseer  
  148  11:41  Roach x2  
  148  11:44  Roach  
  154  11:48  Roach  
  154  11:50  Overlord  
  154  11:51  Overlord  
  153  11:57  Overseer  
  153  11:58  Overlord  
  153  11:59  Overlord x3  
  153  12:04  Overlord  
  153  12:11  Roach  
  153  12:12  Roach x4  
  163  12:16  Roach x2  
  163  12:20  Roach x2  
  165  12:30  Roach x3  
  165  12:33  Roach x3  
  148  12:46  Overseer  
  148  12:49  Roach x8  
  164  12:53  Roach  
  164  12:58  Viper x2  
  166  13:06  Roach x3  
  166  13:08  Overseer  
  166  13:12  Roach x3  
  172  13:15  Roach x2  
  172  13:19  Roach x2  
  143  13:22  Roach  
  143  13:26  Roach x2  
  139  13:31  Drone x4  
  139  13:34  Ravager  
  139  13:35  Overseer, Ravager x3  
  139  13:37  Drone  
  144  13:41  Drone x2  
  144  13:42  Drone  
  144  13:43  Roach  
  144  13:44  Drone x2  
  150  13:48  Drone x3  
  150  13:54  Drone  
  153  13:59  Ravager  
  153  14:00  Ravager x4  
  158  14:03  Zerg Missile Weapons Level 2  
  158  14:08  Roach x2  
  158  14:09  Roach  
  163  14:11  Overseer  
  163  14:13  Extractor  
  163  14:14  Extractor  
  163  14:16  Roach  
  165  14:17  Roach  
  165  14:23  Hatchery  
  168  14:24  Roach x4  
  168  14:27  Roach x2  
  176  14:32  Roach x2  
  176  14:33  Roach  
  182  14:49  Hydralisk Den  
  182  14:51  Roach  
  182  14:52  Roach x8  
  193  14:56  Ravager  
  193  14:57  Ravager  
  195  15:05  Viper  
  198  15:15  Overseer  
  198  15:23  Grooved Spines  
  198  15:25  Lurker Den  
  197  15:45  Extractor  
  197  15:49  Extractor  
  195  15:55  Hydralisk x4  
  198  16:18  Drone x2, Spine Crawler  
  198  16:19  Spine Crawler  
  198  16:24  Zerg Missile Weapons Level 3  
  197  16:28  Evolution Chamber  
  196  16:34  Muscular Augments  
  196  16:40  Hydralisk  
  198  16:52  Adaptive Talons  
  198  16:57  Overlord  
  198  16:58  Pneumatized Carapace  
  198  17:00  Zerg Ground Armor Level 1  
  194  17:17  Hydralisk x6  
  194  17:22  Hydralisk x3, Overseer  
  184  17:28  Hydralisk x3  
  196  17:41  Viper  
  197  18:35  Hydralisk  
  193  18:48  Hydralisk x14  
  158  19:04  Roach x10  
  158  19:05  Roach x8  
  158  19:06  Roach  
  158  19:07  Roach x12  
  184  19:10  Roach x5  
  184  19:15  Roach x3  
  186  19:20  Roach x4  
  186  19:22  Roach x3  
  175  19:24  Roach x2  
  175  19:30  Roach x3  
  92  19:53  Ravager x10  
  102  20:03  Drone x16  
  102  20:05  Extractor x2  
  116  20:22  Hatchery  
  116  20:24  Roach x2  
  116  20:25  Roach x4  
  116  20:28  Roach x4  
  135  20:33  Roach x3  
  135  20:37  Roach x2  
  135  20:41  Roach x3  
  142  20:45  Overseer  
  142  20:49  Roach x2  
  146  20:52  Roach x3  
  146  20:54  Ravager x4  
  146  20:55  Ravager x7  
  163  21:01  Roach x2  
  163  21:02  Roach x2  
  163  21:03  Ravager x3  
  163  21:04  Ravager x3  
  177  21:06  Roach  
  177  21:10  Roach x3  
  185  21:13  Roach  
  185  21:14  Roach  
  189  21:19  Roach x3  
  189  21:21  Roach  
  197  21:28  Roach  
  199  21:37  Roach  
  199  21:38  Roach x5  
  197  21:42  Roach  
  199  21:50  Overseer  
  197  21:55  Extractor x2  
  197  21:56  Spine Crawler, Roach x2, Ravager  
  197  21:57  Spine Crawler, Ravager  
  199  22:04  Roach  
  199  22:24  Ravager  
  199  22:25  Overlord  
  200  22:41  Overlord  
  200  22:43  Overseer x3  
  192  22:52  Roach x2  
  192  22:53  Roach  
  194  23:10  Overlord x11  
  194  23:15  Hatchery  
  193  23:36  Ravager x7  
  200  23:48  Hatchery  
  200  23:51  Overseer  
  200  23:54  Overseer x2  
  197  24:14  Overseer  
Tags
 
Add a new tag
Caveats
  • Supply blocks, unpowered buildings, or Contaminate may cause inaccurate times.
  • Supply counts are checked every 10 seconds.